 Dungeon Crawl Stone Soup version 0.31-a0-960-g0fca184906 (webtiles) character file.

Game seed: 10818376775236274206

33821 Gladio the Markself (level 13, -17/72 HPs)
             Began as a Deep Elf Hunter on Oct 23, 2023.
             Was a High Priest of Hepliaklqana.
             Demolished by a boulder beetle (48 damage)
             ... on level 4 of the Lair of Beasts.
             The game lasted 00:29:07 (12761 turns).

Gladio the Markself (Deep Elf Hunter)              Turns: 12761, Time: 00:29:07

Health: -17/72     AC:  9    Str:  8    XL:     13   Next: 38%
Magic:  4/7        EV: 27    Int: 16    God:    Hepliaklqana [*****.]
Gold:   524        SH:  0    Dex: 22    Spells: 12/12 levels left

rFire   . . .        y - +1 arbalest (antimagic)
rCold   . . .        (shield currently unavailable)
rNeg    . . .        I - +0 steam dragon scales
rPois   .            E - +2 hat
rElec   .            (no cloak)
rCorr   .            o - +0 pair of gloves
SInv    .            Q - +0 pair of boots
Will    +....        (no amulet)
Stlth   +++          g - +4 ring of slaying
HPRegen 0.32/turn    H - +5 ring of evasion
MPRegen 0.10/turn

%: no passive effects
@: no status effects
A: reduced essence
a: Renounce Religion, Recall Ancestor, Ancestor Identity, Transference, Idealise


You were on level 4 of the Lair of Beasts.
You worshipped Hepliaklqana.
Hepliaklqana was extremely pleased with you.
You visited 3 branches of the dungeon, and saw 15 of its levels.

You collected 799 gold pieces.
You spent 275 gold pieces at shops.

Inventory:

Hand Weapons
 a - a +0 shortbow
 y - a +1 antimagic arbalest (weapon)
 D - a +0 orcbow
Missiles
 l - 15 poisoned darts
 B - 2 throwing nets
Armour
 c - a +0 leather armour
 o - a +0 pair of gloves (worn)
 E - a +2 hat (worn)
 I - +0 steam dragon scales (worn)
 Q - a +0 pair of boots (worn)
Jewellery
 d - a ring of positive energy
 g - a +4 ring of slaying (left hand)
 v - a ring of magical power
 H - a +5 ring of evasion (right hand)
 M - a +6 ring of dexterity
Wands
 n - a wand of paralysis (3)
 r - a wand of polymorph (22)
 t - a wand of mindburst (27)
 w - a wand of iceblast (8)
 K - a wand of light (5)
Scrolls
 b - a scroll of butterflies
 e - a scroll of torment {unknown}
 f - 6 scrolls of teleportation
 h - 3 scrolls of noise
 i - 4 scrolls of fog
 k - a scroll of enchant armour {unknown}
 m - a scroll of blinking {unknown}
 s - 2 scrolls of immolation
 A - a scroll of enchant weapon {unknown}
 F - 2 scrolls of poison
 L - a scroll of silence {unknown}
 P - a scroll of fear
 R - 2 scrolls of identify
Potions
 j - 3 potions of heal wounds
 p - 2 potions of attraction
 q - 3 potions of haste
 u - 2 potions of ambrosia {unknown}
 x - 7 potions of curing
 z - a potion of cancellation
 C - 2 potions of lignification
 G - 3 potions of might
 J - a potion of brilliance {unknown}
 N - a potion of enlightenment {unknown}
 O - a potion of berserk rage {unknown}
 S - a potion of invisibility {unknown}


   Skills:
 * Level 9.7 Fighting
 * Level 19.3 Ranged Weapons
 - Level 2.0 Armour
 + Level 12.8 Dodging
 + Level 4.7 Stealth
 - Level 9.0 Invocations


You had 12 spell levels left.
You didn't know any spells.
Your spell library contained the following spells:

 Spells                   Type           Power      Damage    Failure   Level
 Foxfire                  Conj/Fire      0%         2x1d4     26%         1
 Freeze                   Ice            0%         1d3       26%         1
 Summon Small Mammal      Summ           0%         N/A       26%         1
 Blink                    Tloc           0%         N/A       36%         2
 Lesser Beckoning         Tloc           0%         N/A       36%         2
 Call Canine Familiar     Summ           0%         N/A       58%         3
 Frozen Ramparts          Ice            0%         1d1       58%         3
 Gell's Gravitas          Tloc           0%         N/A       58%         3
 Hailstorm                Conj/Ice       0%         3d3       58%         3
 Inner Flame              Hex/Fire       0%         N/A       58%         3
 Sigil of Binding         Hex            0%         N/A       58%         3
 Summon Guardian Golem    Hex/Summ       0%         N/A       58%         3
 Teleport Other           Tloc           0%         N/A       58%         3
 Animate Armour           Summ/Erth      0%         N/A       94%         4
 Cause Fear               Hex            0%         N/A       94%         4
 Dimensional Bullseye     Hex/Tloc       0%         N/A       94%         4
 Leda's Liquefaction      Hex/Erth       0%         N/A       94%         4
 Manifold Assault         Tloc           0%         N/A       94%         4
 Summon Lightning Spire   Summ/Air       0%         N/A       94%         4
 Vhi's Electric Charge    Tloc/Air       0%         N/A       94%         4
 Arcjolt                  Conj/Air       0%         1d10      100%        5
 Fireball                 Conj/Fire      0%         3d3       100%        5
 Lee's Rapid Deconstruct  Erth           0%         3d4*      100%        5
 Summon Forest            Summ/Tloc      0%         N/A       100%        5
 Yara's Violent Unravell  Hex/Tmut       0%         3d3       100%        5
 Eringya's Noxious Bog    Tmut/Pois      0%         4d6       100%        6
 Plasma Beam              Fire/Air       0%         2x1d10    100%        6
 Starburst                Conj/Fire      0%         6d3       100%        6
 Enfeeble                 Hex            0%         N/A       100%        7
 Summon Hydra             Summ           0%         N/A       100%        7
 Dragon's Call            Summ           0%         N/A       100%        9


Dungeon Overview and Level Annotations

Branches:
Dungeon (10/15)            Temple (1/1) D:5            Lair (4/5) D:10
 Shoals (0/4) Lair:2       Spider (0/4) Lair:3        Slime (0/5) Lair:4
    Orc (0/2) D:9

Altars:
Ashenzari
Cheibriados
Dithmenos
Elyvilon
Fedhas
Gozag
Hepliaklqana
Kikubaaqudgha
Makhleb
Nemelex Xobeh
Okawaru
Qazlal
Ru
Sif Muna
Trog
Uskayaw
Vehumet
Wu Jian
Xom
Yredelemnul
Zin
The Shining One

Shops:
D:3 !   D:10 !

Annotations:
D:3 1 runed translucent door, Crazy Yiuf
D:7 2 transporters, haldagan's ghost, novice AtBr


Message History

Training target 9.0 for Invocations reached!
Your Invocations skill increases to level 9!
You shoot a bolt. The bolt hits the elephant!
The elephant is almost dead.
Ulric loses the glow of perfection.
The elephant tramples you but does no damage.
The elephant misses you.
A yak comes into view.
Ulric hits the elephant with a +0 flail!
The elephant dies!
You shoot a bolt. The bolt hits the komodo dragon!
The komodo dragon is heavily wounded.
The komodo dragon misses you.
You shoot a bolt.
The bolt barely misses the komodo dragon.
You hear a roar!
The blink frog blinks!
The komodo dragon misses you.
The blink frog blinks!
You shoot a bolt. The bolt hits the komodo dragon.
The komodo dragon is heavily wounded.
The blink frog blinks!
The komodo dragon completely misses you.
Ulric hits the yak with a +0 flail.
The yak gores Ulric but does no damage.
The komodo dragon closely misses you.
Unknown command.
You shoot a bolt. The bolt hits the komodo dragon.
The komodo dragon is heavily wounded.
You hear a roar!
Ulric blocks the yak's attack.
Ulric hits the yak with a +0 flail.
The komodo dragon barely misses you.
The boulder beetle leaps!
The yak gores Ulric.
You feel yourself speed up.
The komodo dragon attacks as it pursues you!
The komodo dragon misses you.
Ulric barely misses the yak.
The boulder beetle curls into a ball and begins rolling!
The komodo dragon bites you. The yak gores you.
Ulric hits the yak with a +0 flail!
The komodo dragon misses you. The yak misses you.
The boulder beetle hits you!!!
Ouch! That really hurt!
You die...

####...## .....#..♣ ##...## #
#>....# ....#..♣♣#....<#
#.....# .FS#....#>....#
#>....# ♣ .w#..♣ #....<#
##...## ♣. .#..♣ ##...##
###∩### ♣..+#####†..♣ ##D##
#.....# ♣.....R.lS(.♣ ♣F♣♣
#.♣♣♣.# ♣.....YBS°°.♣ ♣.♣.♣
#.♣ ♣.# ♣♣♣♣♣♣@♣♣♣♣♣♣ ♣.♣.♣#
#.♣ ♣.# ♣.♣ .♣♣♣F# #.♣ ♣.#
######.# ### #. ♣.#
#.♣♣♣.#♣♣....♣.♣....♣ #. ♣.#
# #....†♣♣.≈≈≈≈†≈~≈≈≈≈.♣♣ ♣.#
#
#..♣....≈≈≈≈~≈~≈~≈≈≈≈.F.FF†.#
#
#.....♣♣.≈≈≈≈~≈~≈≈≈≈.♣♣.♣.♣.#
# #.♣♣♣.#♣♣....♣.♣....♣♣
♣.♣.# # #.♣ ♣.# #############
♣ ♣.#


You could see the friendly Ulric the knight, a boulder beetle (rolling), a
komodo dragon, a yak (ally target) and 2 water moccasins.

Vanquished Creatures
  Josephine (Lair:3)
  2 hydras (Lair:4)
  A centaur warrior (D:9)
  7 death yaks
  2 skeletal warriors (D:9)
  2 skysharks
  2 black mambas
  7 cane toads
  4 rime drakes
  5 komodo dragons
  A polar bear (Lair:2)
  A hornet (Lair:1)
  7 blink frogs
  A dream sheep (Lair:4)
  A snapping turtle (Lair:2)
  2 shadows
  5 wraiths
  19 yaks
  A water elemental (Lair:2)
  A wyvern (Lair:3)
  6 basilisks
  A redback (Lair:3)
  A steam dragon (D:9)
  An acid dragon (D:9)
  10 water moccasins
  A black bear (D:6)
  An ice beast (D:6)
  3 sky beasts
  3 centaurs
  2 wolves (Lair:4)
  An ogre (D:5)
  2 phantoms
  3 kobold brigands
  15 bullfrogs
  3 scorpions
  8 wights
  7 killer bees
  An electric eel (Lair:2)
  3 jellies
  5 hounds
  6 orc priests
  4 iguanas
  Ijyb (D:4)
  15 orc wizards
  Natasha (thrice) (D:2)
  3 hell rats (D:10)
  11 gnolls
  8 adders
  A river rat (D:10)
  2 white imps (D:6)
  A worm (D:3)
  3 dart slugs
  37 orcs
  3 ball pythons
  8 bats
  5 endoplasms
  A giant cockroach (D:1)
  7 goblins
  8 hobgoblins
  8 quokkas
  7 frilled lizards
  8 kobolds
  7 rats
306 creatures vanquished.

Vanquished Creatures (collateral kills)
  Gastronok (D:8)
  Snorg (Lair:3)
  A hydra (Lair:4)
  A boulder beetle (D:8)
  A cyclops (D:10)
  An elephant (Lair:4)
  A black mamba (Lair:4)
  A cane toad (Lair:3)
  A rime drake (Lair:4)
  A komodo dragon (Lair:4)
  2 blink frogs
  A shadow (D:9)
  A wraith (D:9)
  5 yaks
  2 redbacks (Lair:3)
  An acid dragon (D:10)
  2 water moccasins
  An ice beast (D:7)
  A wolf (Lair:4)
  A kobold brigand (D:8)
  2 bullfrogs (Lair:4)
  2 wights
  4 killer bees
  A gnoll bouda (D:7)
  An orc wizard (D:9)
  2 hell rats (D:10)
  4 orcs
  A kobold (D:8)
44 creatures vanquished.

Vanquished Creatures (others)
  6 knights
  An ancestor (D:5)
7 creatures vanquished.

Grand Total: 357 creatures vanquished

Notes
Turn   | Place    | Note
-------+----------+-------------------------------------------
     0 | D:1      | Gladio the Deep Elf Hunter began the quest for the Orb.
     0 | D:1      | Reached XP level 1. HP: 12/12 MP: 3/3
    99 | D:1      | Reached XP level 2. HP: 17/17 MP: 4/4
   683 | D:1      | Reached skill level 6 in Ranged Weapons
   729 | D:1      | Reached XP level 3. HP: 18/21 MP: 5/5
  1181 | D:2      | Reached XP level 4. HP: 26/26 MP: 6/6
  1202 | D:2      | Found a faded altar of an unknown god.
  1647 | D:3      | Noticed Natasha
  1651 | D:3      | Reached skill level 7 in Ranged Weapons
  1725 | D:2      | Reached XP level 5. HP: 31/31 MP: 7/7
  1804 | D:2      | Killed Natasha
  1868 | D:2      | Noticed Natasha
  1877 | D:2      | Killed Natasha
  2039 | D:2      | Noticed Natasha
  2041 | D:2      | Killed Natasha
  2219 | D:3      | Found Umuur's Distillery.
  2227 | D:3      | Bought a potion of heal wounds for 50 gold pieces
  2272 | D:3      | Found a runed translucent door.
  2273 | D:3      | Noticed Crazy Yiuf
  2326 | D:3      | Reached XP level 6. HP: 32/36 MP: 8/8
  2790 | D:4      | Reached skill level 8 in Ranged Weapons
  2961 | D:4      | Found an ancient bone altar of Kikubaaqudgha.
  3023 | D:4      | Noticed Ijyb
  3083 | D:4      | Killed Ijyb
  3184 | D:4      | Noticed a sky beast
  3199 | D:4      | Killed a sky beast
  3200 | D:4      | Reached skill level 9 in Ranged Weapons
  3200 | D:4      | Reached skill level 5 in Dodging
  3200 | D:4      | Reached XP level 7. HP: 36/41 MP: 9/9
  3225 | D:4      | Found an iron altar of Okawaru.
  3502 | D:5      | Entered Level 5 of the Dungeon
  3601 | D:5      | Found a staircase to the Ecumenical Temple.
  3619 | Temple   | Entered the Ecumenical Temple
  3626 | Temple   | Became a worshipper of Hepliaklqana the Forgotten
  3899 | D:5      | Reached skill level 10 in Ranged Weapons
  3966 | D:5      | Reached XP level 8. HP: 30/48 MP: 10/10
  4167 | D:5      | Reached * piety under Hepliaklqana
  4394 | D:5      | Reached skill level 11 in Ranged Weapons
  4718 | D:6      | Reached skill level 5 in Fighting
  4728 | D:6      | Reached skill level 12 in Ranged Weapons
  4728 | D:6      | Reached XP level 9. HP: 12/48 MP: 3/11
  5217 | D:7      | Noticed haldagan's ghost (novice AtBr)
  5219 | D:7      | Found a transporter.
  5220 | D:7      | Noticed a cyclops
  5225 | D:7      | Found a transporter.
  5312 | D:7      | Reached skill level 13 in Ranged Weapons
  5368 | D:7      | Reached ** piety under Hepliaklqana
  5369 | D:7      | Remembered your ancestor Ulric as a knight
  5484 | D:7      | Reached skill level 1 in Invocations
  5901 | D:8      | Noticed Gastronok
  5914 | D:8      | Killed Gastronok
  5915 | D:8      | Reached skill level 14 in Ranged Weapons
  5915 | D:8      | Reached XP level 10. HP: 43/54 MP: 12/14
  6703 | D:9      | Noticed a skeletal warrior
  6715 | D:9      | Noticed a skeletal warrior
  6716 | D:9      | Killed a skeletal warrior
  6721 | D:9      | Killed a skeletal warrior
  6722 | D:9      | Reached skill level 15 in Ranged Weapons
  6846 | D:9      | Noticed a boulder beetle
  6850 | D:9      | Noticed a centaur warrior
  6961 | D:8      | Killed a boulder beetle
  6962 | D:8      | Reached skill level 10 in Dodging
  7267 | D:9      | Reached skill level 5 in Invocations
  7270 | D:9      | Reached XP level 11. HP: 60/60 MP: 5/16
  7421 | D:9      | Killed a centaur warrior
  7422 | D:9      | Reached skill level 16 in Ranged Weapons
  7787 | D:9      | Found a staircase to the Orcish Mines.
  7846 | D:9      | Reached *** piety under Hepliaklqana
  8088 | D:10     | Entered Level 10 of the Dungeon
  8253 | D:10     | Noticed a death yak
  8265 | D:10     | Killed a death yak
  8418 | D:10     | Identified the +2 ring mail of Anaesthesia {Regen+ Str+3
                  | Dex-5}
  8437 | D:10     | Found a broken altar of Ashenzari.
  8437 | D:10     | Found a shadowy altar of Dithmenos.
  8449 | D:10     | Noticed a death yak
  8450 | D:10     | Noticed a death yak
  8464 | D:10     | Killed a death yak
  8465 | D:10     | Killed a death yak
  8574 | D:10     | Found a staircase to the Lair.
  8752 | D:10     | Reached skill level 17 in Ranged Weapons
  8803 | D:10     | Found Yngiy's Distillery.
  8831 | D:10     | Bought a potion of heal wounds for 75 gold pieces
  8831 | D:10     | Bought a potion of haste for 150 gold pieces
  8963 | D:14     | Identified the "Keishre Yzymn"
  8963 | Lair:1   | Entered Level 1 of the Lair of Beasts
  8969 | Lair:1   | Noticed a death yak
  8970 | Lair:1   | Noticed a death yak
  8975 | Lair:1   | Noticed a death yak
  8999 | Lair:1   | Noticed a death yak
  9022 | D:10     | Killed a death yak
  9033 | D:10     | Killed a death yak
  9094 | D:10     | Killed a death yak
  9095 | D:10     | Reached XP level 12. HP: 43/65 MP: 6/19
  9177 | Lair:1   | Killed a death yak
  9308 | Lair:1   | Found a frozen archway.
  9899 | Lair:1   | Reached skill level 18 in Ranged Weapons
  9996 | Lair:2   | Reached **** piety under Hepliaklqana
 10112 | Lair:2   | Found a staircase to the Shoals.
 10517 | Lair:2   | Reached skill level 1 in Armour
 11010 | Lair:3   | Found a hole to the Spider Nest.
 11201 | Lair:3   | Reached ***** piety under Hepliaklqana
 11208 | Lair:3   | Noticed Snorg
 11214 | Lair:3   | Killed Snorg
 11407 | Lair:3   | Noticed Josephine
 11411 | Lair:3   | Killed Josephine
 11984 | Lair:4   | Noticed a four-headed hydra
 11990 | Lair:4   | Reached XP level 13. HP: 67/72 MP: 7/21
 12312 | Lair:4   | Found a staircase to the Slime Pits.
 12407 | Lair:4   | Reached skill level 19 in Ranged Weapons
 12761 | Lair:4   | Demolished by a boulder beetle

Illustrated notes

Levels and vault maps discovered:
D:1:      dpeg_arrival_fog, layout_basic, nicolae_figureground_sparkle
D:2:      layout_basic, ebering_ecumenical_altar_rust
D:3:      layout_rooms, serial_shops, shop_statue, serial_bayou_ford_a,
          uniq_natasha, uniq_crazy_yiuf_cottage
D:4:      layout_cave_pools, kennysheep_mini, okawaru_metal_pillars_1_2,
          uniq_ijyb
D:5:      layout_gridville, minmay_temple_entry_offerings,
          corexii_item_surrounded_by_moat, kennysheep_generic_room_8
D:6:      layout_basic, minivault_24, hangedman_decor_peaks_small
D:7:      layout_cave_pools, gammafunk_ghost_arena, st_stairs_14
D:8:      layout_basic, uniq_gastronok
D:9:      layout_irregular_city, orc_0_dummy, minmay_pinched_square
D:10:     layout_cave_pools, gammafunk_temple_overflow_elements,
          dpeg_lair_monsters, serial_shops, nicolae_shop_waterfront
Temple:   nicolae_temple_no_exploring_needed
Lair:1:   layout_cave_shapes, portal_ice_cave_rime, infiniplex_staircase_pool,
          serial_bayou_shore_b
Lair:2:   layout_cave_pods, minmay_shoals_entry_hut, grunt_megastairs_3
Lair:3:   layout_cellular_growth, spider_nest_entry_webs, st_stairs_12,
          uniq_josephine, uniq_snorg
Lair:4:   nzn_winding_woodlands_stair_trap [nzn_winding_woodlands_5x15_eye,
          nzn_winding_woodlands_5x15_cabin,
          nzn_winding_woodlands_5x15_river_crossing,
          nzn_winding_woodlands_15x15_killbox,
          nzn_winding_woodlands_5x15_pockets,
          nzn_winding_woodlands_5x15_concentric,
          nzn_winding_woodlands_5x15_split_checker], layout_misc_corridors,
          dpeg_slime_entry_corner, grunt_megastairs_4

Skill      XL: |  1  2  3  4  5  6  7  8  9 10 11 12 13 |
---------------+----------------------------------------+-----
Ranged Weapons | 6 7 9 10 12 14 15 17 18 19 | 19.3
Fighting       | 2 3 4 5 6 7 8 9 |  9.7
Dodging        | 3 4 5 7 9 10 11 12 | 12.8
Invocations    | 2 5 7 8 9 |  9.0
Armour         | 2 |  2.0
Stealth        | 3 4 |  4.7

Action                     |  1- 3 |  4- 6 |  7- 9 | 10-12 | 13-15 || total
---------------------------+-------+-------+-------+-------+-------++-------
  Melee: Unarmed           |       |    20 |       |       |       ||    20
   Fire: Shortbow          |    93 |   173 |   154 |       |       ||   420
         Arbalest          |       |       |    79 |   428 |   110 ||   617
         Orcbow            |       |       |    18 |    38 |       ||    56
  Throw: Throwing net      |       |       |       |     2 |       ||     2
 Invoke: Ancestor Life: Kn |       |       |     1 |       |       ||     1
         Recall Ancestor   |       |       |       |     4 |       ||     4
         Transference      |       |       |       |     2 |       ||     2
         Idealise          |       |       |       |       |     2 ||     2
  Evoke: Wand              |       |     2 |     4 |       |       ||     6
    Use: Scroll            |       |     2 |     4 |     9 |       ||    15
         Potion            |       |     1 |     1 |     1 |       ||     3
 Armour: Leather armour    |     7 |    52 |    41 |    21 |       ||   121
         Skin              |       |     8 |       |       |       ||     8
         Steam dragon scal |       |       |       |    27 |    15 ||    42
  Dodge: Dodged            |    13 |    69 |    39 |   108 |    50 ||   279

Table legend: (Time is in decaauts)
 A = Elapsed time spent in this place.
 B = Non-inter-level travel time spent in this place.
 C = Inter-level travel time spent in this place.
 D = Time resting spent in this place.
 E = Time spent auto-exploring this place.
 F = Levels seen in this place.
 G = Mean time per level.
                   A        B        C        D        E       F      G
               +--------+--------+--------+--------+--------+-----+--------+
         Total |  12924 |  12009 |    915 |    206 |   9747 |  15 |  861.6 |
       Dungeon |   9268 |   8600 |    668 |    145 |   6932 |  10 |  926.8 |
        Temple |     14 |      3 |     11 |      0 |      0 |   1 |   14.0 |
          Lair |   3640 |   3405 |    235 |     61 |   2814 |   4 |  910.0 |
               +--------+--------+--------+--------+--------+-----+--------+

Top non-repeatable levels by time:
     D:8: 1219 daAuts
  Lair:3: 1168 daAuts
     D:9: 1154 daAuts
     D:2: 1095 daAuts
    D:10: 1073 daAuts
     D:1: 1059 daAuts
     D:5: 1031 daAuts
  Lair:2: 922 daAuts
  Lair:4: 805 daAuts
     D:4: 768 daAuts
  Lair:1: 744 daAuts
     D:6: 639 daAuts
     D:3: 632 daAuts
     D:7: 595 daAuts
  Temple: 14 daAuts
